 Dungeon Crawl Stone Soup version 0.31-a0-977-gc230f8ef24 (webtiles) character file.

Game seed: 12704805957198714143

115 Shayle the Insei (level 5, -4/29 HPs)
             Began as a Tengu Hexslinger on Oct 29, 2023.
             Was an Initiate of Ru.
             Slain by Duvessa
             ... wielding a +0 short sword
              (13 damage)
             ... on level 4 of the Dungeon.
             The game lasted 00:05:10 (2103 turns).

Shayle the Insei (Tengu Hexslinger)                 Turns: 2103, Time: 00:05:11

Health: -4/29      AC:  3    Str:  8    XL:     5   Next: 0%
Magic:  4/7        EV: 12    Int: 16    God:    Ru [......]
Gold:   104        SH:  0    Dex: 16    Spells: 2/6 levels left

rFire   . . .        a - +1 sling
rCold   + . .        (no shield)
rNeg    . . .        c - +0 robe
rPois   .            (helmet restricted)
rElec   .            (no cloak)
rCorr   .            i - +0 pair of gloves
SInv    .            (boots unavailable)
Will    .....        (no amulet)
Stlth   +            g - ring of protection from cold
HPRegen 0.24/turn    (no ring)
MPRegen 0.10/turn

%: acrobat
@: mighty, weak-willed, jinxed
A: beak, talons 3, acrobatic
a: Renounce Religion


You were on level 4 of the Dungeon.
You worshipped Ru.
Ru was noncommittal.
You visited 1 branch of the dungeon, and saw 4 of its levels.

You collected 104 gold pieces.

Inventory:

Hand Weapons
 a - a +1 sling (weapon)
Armour
 c - a +0 robe (worn)
 i - a +0 pair of gloves (worn)
Jewellery
 g - a ring of protection from cold (left hand)
Scrolls
 b - a scroll of poison
 h - a scroll of enchant weapon
 k - a scroll of fear {unknown}
Potions
 d - 2 potions of haste
 e - a potion of mutation {unknown}
 f - a potion of magic {unknown}
 j - a potion of might
 l - a potion of attraction {unknown}


   Skills:
 - Level 1.0 Fighting
 - Level 2.1 Ranged Weapons
 - Level 2.1 Dodging
 + Level 4.8 Unarmed Combat
 - Level 1.0 Spellcasting
 - Level 2.1 Hexes
 - Level 1.1 Fire Magic


You had 2 spell levels left.
You knew the following spells:

 Your Spells              Type           Power      Damage    Failure   Level
a - Jinxbite              Hex            14%        N/A       14%         2
b - Blink                 Tloc           0%         N/A       34%         2

Your spell library contained the following spells:

 Spells                   Type           Power      Damage    Failure   Level
 Lesser Beckoning         Tloc           0%         N/A       34%         2
 Momentum Strike          Conj/Tloc      0%         3d8       34%         2
 Sigil of Binding         Hex            7%         N/A       28%         3
 Inner Flame              Hex/Fire       6%         N/A       34%         3
 Call Canine Familiar     Summ           0%         N/A       56%         3
 Cause Fear               Hex            3%         N/A       67%         4
 Dimensional Bullseye     Hex/Tloc       2%         N/A       82%         4
 Leda's Liquefaction      Hex/Erth       2%         N/A       82%         4


Dungeon Overview and Level Annotations

Branches:
Dungeon (4/15)
 Temple: D:4-7

Altars:
Makhleb
Nemelex Xobeh
Okawaru
Qazlal
Ru
Sif Muna
Xom
Zin

Shops:
D:2 *

Annotations:
D:3 1 runed translucent door, ranchalot's ghost, amateur OpSh
D:4 Duvessa; Grinder


Innate Abilities, Weirdness & Mutations

You have a beak for a mouth.
You have claws for feet.
You can magically evade attacks while moving or waiting.


Message History

You shoot a sling bullet. The sling bullet misses Dowan.
You hear a shout!
Dowan is poisoned.
Dowan says, "Stay away from my face!"
Fire: a) +1 sling
Press: ? - help, Q - select action, (/) - cycle Shift-Dir - straight line, f/p - Dowan
Aim: Dowan, wielding a +0 dagger, wearing a +0 robe and carrying a wand of flame (poison gas, poisoned, 48% to hit)
You shoot a sling bullet. The sling bullet closely misses Dowan.
The kobold throws a stone.
The stone closely misses you.
Dowan is engulfed in poison gas.
Dowan looks even sicker.
Casting: Jinxbite (safe; 14% risk of failure)
Confirm with . or Enter, or press ? or * to list all spells.
You beckon some vexing sprites to accompany your attacks.
You feel your willpower being sapped.
Dowan is engulfed in poison gas.
Dowan looks even sicker.
Dowan misses you.
Unknown command.
You shoot a sling bullet. The sling bullet hits Dowan.
Dowan is severely wounded.
Duvessa, Sister of Dowan comes into view.
She is wielding a +0 short sword and wearing a +4 chain mail of cold resistance.
Dowan is engulfed in poison gas.
Dowan looks as sick as possible!
Dowan points at you and mumbles some strange words.
You resist with significant effort.
Unknown command.
You shoot a sling bullet.
The sling bullet hits Duvessa but does no damage.
Duvessa is engulfed in poison gas.
Duvessa is poisoned.
Duvessa closely misses you.
Dowan is engulfed in poison gas.
Dowan looks as sick as possible!
You kill Dowan!
Duvessa screams, "No!
How DARE you!"
Duvessa goes berserk!
Duvessa is engulfed in poison gas.
Duvessa looks even sicker.
Duvessa hits you with a +0 short sword!
* * * LOW HITPOINT WARNING * * *
You have reached level 5!
Unknown command.
It was a potion of might.
You feel very mighty all of a sudden.
Duvessa is engulfed in poison gas.
Duvessa looks even sicker.
Duvessa hits you with a +0 short sword!
You die...

#..# #..# ○°§§○
#$.# #K§○§ .
#..# #§○○○ #.
#§§§§ ...
○##§○○§ #.#.
☼°w○)☼§ .§○☼.
.#○§○☼e###§○#☼#.
...#.#☼@§§§§§§§.
.#○☼○☼§###§###§.
§§§#§#○ #
##☼○.§§ ######


You could see Duvessa (berserk, very poisoned), a worm and a kobold.

Vanquished Creatures
  Dowan (D:4)
  An adder (D:2)
  A worm (D:3)
  A dart slug (D:1)
  2 orcs (D:3)
  An endoplasm (D:3)
  3 giant cockroaches
  8 goblins
  3 hobgoblins
  3 quokkas
  7 ball pythons
  6 bats
  2 frilled lizards
  4 kobolds
  5 rats
48 creatures vanquished.

Notes
Turn   | Place    | Note
-------+----------+-------------------------------------------
     0 | D:1      | Shayle the Tengu Hexslinger began the quest for the Orb.
     0 | D:1      | Reached XP level 1. HP: 12/12 MP: 3/3
    36 | D:1      | Reached skill level 1 in Unarmed Combat
    83 | D:1      | Reached XP level 2. HP: 3/16 MP: 4/4
   153 | D:1      | Learned a level 2 spell: Jinxbite
   169 | D:1      | Reached skill level 2 in Unarmed Combat
   191 | D:1      | Found a faded altar of an unknown god.
   363 | D:1      | Reached XP level 3. HP: 16/20 MP: 5/5
   643 | D:2      | Found a shimmering blue altar of Sif Muna.
   649 | D:2      | Found Datze's General Store.
   660 | D:2      | Learned a level 2 spell: Blink
   703 | D:2      | Reached skill level 3 in Unarmed Combat
  1335 | D:3      | Reached XP level 4. HP: 16/25 MP: 6/6
  1452 | D:3      | Noticed ranchalot's ghost (amateur OpSh)
  1453 | D:3      | Found a runed translucent door.
  1777 | D:3      | Found an iron altar of Okawaru.
  1779 | D:3      | Found a glowing silver altar of Zin.
  1783 | D:3      | Found a sparkling altar of Nemelex Xobeh.
  1783 | D:3      | Found a burning altar of Makhleb.
  1783 | D:3      | Found a stormy altar of Qazlal.
  1784 | D:3      | Found a shimmering altar of Xom.
  1787 | D:3      | Found a shimmering blue altar of Sif Muna.
  1788 | D:3      | Found a sacrificial altar of Ru.
  1791 | D:3      | Became a worshipper of Ru the Awakened
  2069 | D:4      | Reached skill level 4 in Unarmed Combat
  2085 | D:4      | Noticed Grinder
  2089 | D:4      | Paralysed by Grinder for 5 turns
  2094 | D:4      | Noticed Dowan
  2101 | D:4      | Noticed Duvessa
  2102 | D:4      | Killed Dowan
  2103 | D:4      | Reached XP level 5. HP: 9/29 MP: 3/7
  2103 | D:4      | Slain by Duvessa

Illustrated notes

Levels and vault maps discovered:
D:1:      roderic_chinese_lattice_arrival, layout_rooms,
          ebering_ecumenical_altar_ruins, minmay_misc_feat_iff
D:2:      layout_basic, serial_shops, nicolae_shop_stone, basic_altar
D:3:      cheibrodos_pilgrimage, layout_loops_cross, minitemple,
          hellmonk_ghost_happy_afterlife
D:4:      layout_loops_ring, serial_glass, glass_columns_c, glass_columns_b,
          glass_columns_a, glass_columns_a, glass_columns_a, glass_columns_b,
          kennysheep_flooded_box, uniq_duvessa, uniq_crazy_yiuf_cottage,
          uniq_grinder

Skill      XL: |  1  2  3  4 |
---------------+-------------+-----
Unarmed Combat | 1 2 3 4 |  4.8
Fighting       | |  1.0
Ranged Weapons | |  2.1
Dodging        | |  2.1
Spellcasting   | |  1.0
Hexes          | |  2.1
Fire Magic     | |  1.1

Action                     |  1- 3 |  4- 6 || total
---------------------------+-------+-------++-------
   Fire: Sling             |   119 |    26 ||   145
   Cast: Jinxbite          |     2 |     2 ||     4
    Use: Scroll            |     2 |     2 ||     4
         Potion            |       |     1 ||     1
 Armour: Robe              |    36 |     7 ||    43
  Dodge: Dodged            |    48 |    35 ||    83

Table legend: (Time is in decaauts)
 A = Elapsed time spent in this place.
 B = Non-inter-level travel time spent in this place.
 C = Inter-level travel time spent in this place.
 D = Time resting spent in this place.
 E = Time spent auto-exploring this place.
 F = Levels seen in this place.
 G = Mean time per level.
                   A        B        C        D        E       F      G
               +--------+--------+--------+--------+--------+-----+--------+
         Total |   2144 |   2076 |     68 |    157 |   1490 |   4 |  536.0 |
       Dungeon |   2144 |   2076 |     68 |    157 |   1490 |   4 |  536.0 |
               +--------+--------+--------+--------+--------+-----+--------+

Top non-repeatable levels by time:
     D:3: 816 daAuts
     D:1: 642 daAuts
     D:2: 601 daAuts
     D:4: 84 daAuts
